 Dungeon Crawl Stone Soup version 0.31-a0-1405-g2bb1a01664 (webtiles) character file.

Game seed: 8488606966209405718

51 BigPumpCobain the Ruffian (level 3, -3/35 HPs)
             Began as a Troll Shapeshifter on Dec 25, 2023.
             Slain by a hobgoblin (6 damage)
             ... led by Robin
             ... on level 2 of the Dungeon.
             The game lasted 00:01:07 (886 turns).

BigPumpCobain the Ruffian (Troll Shapeshifter)       Turns: 886, Time: 00:01:08

Health: -3/35      AC:  4    Str: 24    XL:     3   Next: 57%
Magic:  2/2        EV:  9    Int:  6    God:
Gold:   33         SH:  0    Dex:  9    Spells: 2/2 levels left

rFire   . .          .
                       - Unarmed
rCold   . . .        (no shield)
rNeg    . . .        a - +0 animal skin
rPois   .            (helmet currently unavailable)
rElec   .            (cloak currently unavailable)
rCorr   .            (gloves unavailable)
SInv    .            (boots unavailable)
Will    .....        (no amulet)
Stlth   +            (no ring)
HPRegen 1.05/turn    (no ring)
MPRegen 0.08/turn

%: no passive effects
@: beast-form
A: beast (slay +2), large, unfitting armour, claws 3, regeneration 1, shaggy fur
1, tough skin 1
a: Begin Untransformation


You were on level 2 of the Dungeon.
You were a hulking beast.
You visited 1 branch of the dungeon, and saw 2 of its levels.

You collected 33 gold pieces.

Inventory:

Armour
 a - a +0 animal skin (worn)
Jewellery
 h - a ring of magical power
Talismans
 c - a beast talisman
 d - a flux talisman
Scrolls
 e - 2 scrolls of identify {unknown}
 f - a scroll of enchant weapon {unknown}
 g - a scroll of fog {unknown}
 i - a scroll of revelation {unknown}
Potions
 b - a potion of lignification


   Skills:
 + Level 1.7 Fighting
 - Level 1.5 Dodging
 + Level 3.6 Unarmed Combat
 + Level 3.5 Shapeshifting


You had 2 spell levels left.
You didn't know any spells.
Your spell library contained the following spells:

 Spells                   Type           Power      Damage    Failure   Level
 Blink                    Tloc           0%         N/A       58%         2
 Lesser Beckoning         Tloc           0%         N/A       58%         2
 Momentum Strike          Conj/Tloc      0%         3d8       58%         2


Dungeon Overview and Level Annotations

Branches:
Dungeon (2/15)

Altars:

Annotations:
D:2 Robin


Innate Abilities, Weirdness & Mutations

You are a hulking beast.
Your limbs bulge with bestial killing power. (Slay +2)
You are too large for most types of armour.
You have claws for hands.
Your natural rate of healing is unusually fast.
You are covered in fur. (AC +1)
You have tough skin. (AC +1)


Message History

You are too injured to fight recklessly!
You are too injured to fight recklessly!
You are too injured to fight recklessly!
You are too injured to fight recklessly!
You are too injured to fight recklessly!
You closely miss the goblin. The hobgoblin hits you.
The hobgoblin barely misses you. The goblin closely misses you.
Robin closely misses you. The goblin closely misses you.
You scratch the goblin.
You kill the goblin!
The goblin barely misses you. The goblin hits you but does no damage.
The hobgoblin barely misses you. Robin barely misses you.
The hobgoblin closely misses you.
The hobgoblin hits you but does no damage.
You scratch the giant cockroach.
The giant cockroach is almost dead.
The giant cockroach bites you but does no damage.
The goblin hits you but does no damage. x2; The hobgoblin hits you.
The hobgoblin closely misses you. Robin completely misses you.
The hobgoblin barely misses you.
You scratch the giant cockroach but do no damage.
The giant cockroach is almost dead.
The giant cockroach barely misses you. The hobgoblin barely misses you.
Robin barely misses you. The hobgoblin hits you.
* * * LOW HITPOINT WARNING * * *
The goblin hits you but does no damage. x2
The hobgoblin completely misses you.
You claw the giant cockroach!
You kill the giant cockroach!
Robin hits you but does no damage. The goblin closely misses you.
The hobgoblin hits you.
* * * LOW HITPOINT WARNING * * *
The hobgoblin hits you.
* * * LOW HITPOINT WARNING * * *
The goblin hits you but does no damage.
The hobgoblin hits you but does no damage.
You scratch the hobgoblin.
The hobgoblin is moderately wounded.
The hobgoblin barely misses you. The hobgoblin hits you.
You die...

#............
+............#....##..
##........# #...[.....
#...†.....#. #.........
#.........#.##.........
#...##....#.#..........
#<#.###...#.?..........
#.#.......#...gggg.....
............#.ghg......
.#.#####.#>###[).g.....#
.#.. #.#.###.........#
### #.#.............#
..#.#.......#######
..........%......
###.........#.....
[...........#.....
##..........#.....


You could see Robin, 4 hobgoblins and 2 goblins.

Vanquished Creatures
  A gnoll (D:1)
  An adder (D:2)
  2 ball pythons (D:1)
  An endoplasm (D:1)
  2 giant cockroaches
  6 goblins
  2 hobgoblins
  4 jackals (D:1)
  2 quokkas (D:1)
  A bat (D:1)
  A frilled lizard (D:1)
  3 kobolds (D:1)
  4 rats (D:1)
30 creatures vanquished.

Notes
Turn   | Place    | Note
-------+----------+-------------------------------------------
     0 | D:1      | BigPumpCobain the Troll Shapeshifter began the quest for
                  | the Orb.
     0 | D:1      | Reached XP level 1. HP: 18/18 MP: 0/0
     2 | D:1      | Noticed a gargoyle
     4 | D:1      | Noticed a naga
     6 | D:1      | Noticed a ghoul
     6 | D:1      | Noticed an armataur
     8 | D:1      | Noticed an elf
     8 | D:1      | Noticed a merfolk
    10 | D:1      | Noticed a human
    10 | D:1      | Noticed an octopode
    12 | D:1      | Noticed a felid
    12 | D:1      | Noticed a vampire
    14 | D:1      | Noticed a minotaur
    14 | D:1      | Noticed an ogre
    16 | D:1      | Noticed a draconian
    18 | D:1      | Noticed a demonspawn
    18 | D:1      | Noticed a tengu
    20 | D:1      | Noticed a demigod
    20 | D:1      | Noticed a vine stalker
    22 | D:1      | Noticed a formicid
    24 | D:1      | Noticed an armataur
    24 | D:1      | Noticed a spriggan
    26 | D:1      | Noticed a human
    26 | D:1      | Noticed a demigod
    61 | D:1      | Reached skill level 1 in Fighting
    70 | D:1      | Reached XP level 2. HP: 27/27 MP: 1/1
   296 | D:1      | Reached XP level 3. HP: 33/33 MP: 2/2
   871 | D:2      | Noticed Robin
   886 | D:2      | Slain by a hobgoblin

Illustrated notes

Levels and vault maps discovered:
D:1:      kb_arrival_jail, layout_basic
D:2:      layout_basic, basic_ecumenical_altar, uniq_robin

Skill      XL: |  1 |
---------------+----+-----
Fighting       | 1 |  1.7
Dodging        | |  1.5
Unarmed Combat | |  3.6
Shapeshifting  | |  3.5

Action                     || total
---------------------------++-------
  Melee: Unarmed           ||    52
         Punch             ||     2
 Armour: Animal skin       ||    51
  Dodge: Dodged            ||    34

Table legend: (Time is in decaauts)
 A = Elapsed time spent in this place.
 B = Non-inter-level travel time spent in this place.
 C = Inter-level travel time spent in this place.
 D = Time resting spent in this place.
 E = Time spent auto-exploring this place.
 F = Levels seen in this place.
 G = Mean time per level.
                   A        B        C        D        E       F      G
               +--------+--------+--------+--------+--------+-----+--------+
         Total |    882 |    860 |     22 |      0 |    736 |   2 |  441.0 |
       Dungeon |    882 |    860 |     22 |      0 |    736 |   2 |  441.0 |
               +--------+--------+--------+--------+--------+-----+--------+

Top non-repeatable levels by time:
     D:1: 846 daAuts
     D:2: 35 daAuts
